 Dungeon Crawl Stone Soup version 0.26.0-16-gc1dbca0489 (webtiles) character file.

Game seed: 10276119514958272769

4887 olmar the Basher (level 10, -4/63 HPs)
             Began as a Gargoyle Fighter on Jan 18, 2021.
             Was an Initiate of Gozag.
             Engulfed by a cloud of flame (23 damage)
             ... on level 8 of the Dungeon.
             The game lasted 00:12:01 (8337 turns).

olmar the Basher (Gargoyle Fighter)                 Turns: 8337, Time: 00:12:01

Health: -4/63      AC: 22    Str: 23    XL:     10   Next: 50%
Magic:  10/10      EV:  7    Int:  9    God:    Gozag
Gold:   1207       SH: 11    Dex:  9    Spells: 9/9 levels left

rFire    . . .     SeeInvis +   w - +2 flail (holy)
rCold    . . .     Faith    .   c - +0 kite shield
rNeg     + . .     Spirit   .   n - +0 chain mail
rPois    ∞         Reflect  .   o - +0 helmet
rElec    +         Harm     .   (no cloak)
rCorr    .         Rampage  .   (no gloves)
Will     .....                  p - +2 pair of boots {Stlth+}
Stlth    ..........             (no amulet)
HPRegen  0.20/turn              g - ring of see invisible
MPRegen  0.12/turn              (no ring)

@: gold aura
A: negative energy resistance 1, electricity resistance, unbreathing,
petrification resistance, miasma immunity, AC +7
a: Renounce Religion, Potion Petition, Call Merchant, Bribe Branch


You were on level 8 of the Dungeon.
You worshipped Gozag.
Gozag was most pleased with you.
You visited 2 branches of the dungeon, and saw 9 of its levels.

You collected 1307 gold pieces.
You paid 100 gold pieces to Gozag.

Inventory:

Hand Weapons
 a - a +0 flail
 q - a cursed -3 club
 w - a +2 flail of holy wrath (weapon)
 B - a +0 dagger
Armour
 b - a +0 scale mail
 c - a +0 kite shield (worn)
 j - a +0 pair of boots
 n - a +0 chain mail (worn)
 o - a +0 helmet (worn)
 p - a +2 pair of boots of stealth (worn)
Jewellery
 g - a ring of see invisible (left hand)
Wands
 m - a wand of flame (8)
 u - a wand of digging (4)
 A - a wand of acid (3)
 E - a wand of polymorph (1)
Scrolls
 e - a scroll of identify
 f - 2 scrolls of enchant weapon {unknown}
 h - 6 scrolls of blinking
 s - 2 scrolls of random uselessness {unknown}
 t - 2 scrolls of remove curse
 x - a scroll of immolation {unknown}
 y - 2 scrolls of teleportation {unknown}
 z - a scroll of amnesia
 D - 2 scrolls of fog {unknown}
 F - a scroll of enchant armour {unknown}
 G - a scroll of fear {unknown}
Potions
 d - a potion of might
 i - 3 potions of lignification
 k - 3 potions of mutation
 l - 4 potions of attraction
 r - a potion of curing
 v - 2 potions of haste
 H - a potion of resistance
 I - a potion of cancellation


   Skills:
 + Level 7.0 Fighting
 + Level 10.0 Maces & Flails
 + Level 7.2 Armour
 + Level 9.2 Shields
 + Level 2.2 Evocations


You had 9 spell levels left.
You didn't know any spells.
Your spell library was empty.

Dungeon Overview and Level Annotations

Branches:
Dungeon (8/15)             Temple (1/1) D:5
   Lair: D:8-11

Altars:
Gozag
Okawaru
Qazlal
Ru
Trog
Uskayaw
Wu Jian
Xom
Yredelemnul
Zin
The Shining One

Shops:
D:4 =   D:7 *

Annotations:
D:5 1 runed translucent door, Crazy Yiuf


Innate Abilities, Weirdness & Mutations

You are resistant to torment.
Your stone body is resilient. (AC +7)
You are immune to poison.
You resist negative energy. (rN+)
You are resistant to electric shocks. (rElec)
You can survive without breathing.
You are immune to petrification.
You are immune to miasma.


Message History

You hit the fire crab.
The fire crab is severely wounded.
The fire crab breathes flames at you.
The blast of flame engulfs you but does no damage.
Unknown command.
Evoke which item? (* to show all) (? for menu, Esc to quit)
Aiming: Corrosive Bolt
Press: ? - help, Shift-Dir - straight line, f/p - fire crab
Aim: a fire crab (flame, severely wounded, covered in acid, 14% to evade)
The bolt of acid hits the fire crab!
The fire crab is splashed with acid.
You kill the fire crab!
The two-headed ogre returns to its original shape as it dies.
You are engulfed in blazing flames.
* * * LOW HITPOINT WARNING * * *
Your Fighting skill increases to level 7!
Your Maces & Flails skill increases to level 10!
Unknown command.
You are engulfed in blazing flames.
You die...
Your body crumbles into a pile of gold.

##### ..... ### .#.... #..
......# #.#
.....[.########### #.#
........)..°@°°..####.####
.......######○##.........#
......# ##°°°######.##.#
.#.... #°°..°# #.##.###.
..... ##...## #....<...
##.## ##.## ####.#### #.#
#.# #....# #.# #.# ####.#
#.# ##+## ####.#


There were no monsters in sight!

Vanquished Creatures
  A fire crab (D:8)
  An ugly thing (D:7)
  Sigmund (D:5)
  Edmund (D:5)
  Duvessa (D:5)
  2 water moccasins
  An orc warrior (D:8)
  2 ice beasts
  A black bear (D:5)
  A phantom (D:5)
  A sky beast (D:6)
  An eye of draining (D:7)
  5 ogres
  4 centaurs
  A big kobold (D:8)
  5 bullfrogs
  Dowan (D:5)
  3 water moccasin skeletons
  7 killer bees (D:7)
  A wight (D:7)
  4 howler monkeys
  A centaur zombie (D:5)
  A quasit (D:8)
  A jelly (D:7)
  2 orc priests
  2 hounds
  An orc wizard (D:3)
  Ijyb (D:3)
  Natasha (thrice) (D:4)
  7 worker ants
  3 iguanas
  A worker ant zombie (D:6)
  Robin (D:2)
  7 gnolls
  8 adders
  A shadow imp (D:7)
  2 white imps
  An ufetubus (D:5)
  2 adder zombies
  An ooze (D:3)
  5 worms
  4 dart slugs
  9 leopard geckos
  20 orcs
  3 giant cockroaches
  16 goblins
  8 hobgoblins
  10 jackals
  3 quokkas
  4 ball pythons
  14 bats
  6 frilled lizards
  A jackal skeleton (D:8)
  14 kobolds
  A leopard gecko skeleton (D:4)
  A quokka zombie (D:7)
  11 rats
221 creatures vanquished.

Vanquished Creatures (others)
  A centaur (D:8)
  A hound (D:8)
  3 plants (D:6)
5 creatures vanquished.

Grand Total: 226 creatures vanquished

Notes
Turn   | Place    | Note
-------+----------+-------------------------------------------
     0 | D:1      | olmar the Gargoyle Fighter began the quest for the Orb.
     0 | D:1      | Reached XP level 1. HP: 14/14 MP: 1/1
    61 | D:1      | Reached XP level 2. HP: 13/19 MP: 2/2
   612 | D:1      | Reached XP level 3. HP: 23/23 MP: 3/3
  1485 | D:2      | Noticed Robin
  1527 | D:2      | Reached XP level 4. HP: 25/29 MP: 4/4
  1533 | D:2      | Killed Robin
  1841 | D:2      | Reached skill level 3 in Maces & Flails
  2356 | D:3      | Noticed Ijyb
  2385 | D:3      | Killed Ijyb
  2386 | D:3      | Reached XP level 5. HP: 33/33 MP: 5/5
  3085 | D:4      | Noticed Natasha
  3099 | D:4      | Killed Natasha
  3100 | D:4      | Reached skill level 4 in Maces & Flails
  3215 | D:4      | Noticed Natasha
  3225 | D:4      | Killed Natasha
  3226 | D:4      | Reached XP level 6. HP: 20/38 MP: 6/6
  3263 | D:4      | Noticed Natasha
  3267 | D:4      | Killed Natasha
  3774 | D:4      | Found Doku's Jewellery Shop.
  3808 | D:4      | Reached skill level 5 in Maces & Flails
  3808 | D:4      | Reached XP level 7. HP: 44/44 MP: 7/7
  3816 | D:4      | Reached skill level 5 in Shields
  3972 | D:5      | Entered Level 5 of the Dungeon
  4118 | D:5      | Found a glowing golden altar of the Shining One.
  4486 | D:5      | Found a staircase to the Ecumenical Temple.
  4501 | Temple   | Entered the Ecumenical Temple
  4590 | Temple   | Became a worshipper of Gozag Ym Sagoz the Greedy
  4630 | D:5      | Noticed Dowan
  4634 | D:5      | Noticed Duvessa
  4636 | D:5      | Noticed Edmund
  4639 | D:5      | Noticed Sigmund
  4667 | D:5      | Killed Duvessa
  4668 | D:5      | Reached skill level 6 in Maces & Flails
  4668 | D:5      | Reached skill level 5 in Armour
  4680 | D:5      | Killed Edmund
  4681 | D:5      | Reached XP level 8. HP: 34/48 MP: 8/8
  4684 | D:5      | Killed Dowan
  4686 | D:5      | Killed Sigmund
  4687 | D:5      | Reached skill level 5 in Fighting
  5068 | D:5      | Found a runed translucent door.
  5069 | D:5      | Noticed Crazy Yiuf
  5209 | D:6      | Reached skill level 1 in Evocations
  5217 | D:6      | Reached skill level 7 in Maces & Flails
  5542 | D:6      | Found a shimmering altar of Xom.
  5831 | D:6      | Reached XP level 9. HP: 54/54 MP: 9/9
  6450 | D:6      | Reached skill level 8 in Maces & Flails
  6737 | D:7      | Found Beurghil's General Store.
  6937 | D:7      | Noticed a green ugly thing
  6964 | D:7      | Killed a green ugly thing
  6965 | D:7      | Reached skill level 9 in Maces & Flails
  6989 | D:7      | Reached XP level 10. HP: 39/61 MP: 0/10
  7402 | D:7      | Noticed Joseph
  7408 | D:7      | Noticed Joseph
  7408 | D:7      | Joseph changed into Joseph the water moccasin
  7418 | D:7      | Killed Joseph the water moccasin
  8108 | D:8      | Found a shimmering altar of Xom.
  8310 | D:8      | Noticed a two-headed ogre
  8317 | D:8      | Noticed a fire crab
  8317 | D:8      | a two-headed ogre changed into a fire crab
  8336 | D:8      | Killed a fire crab
  8337 | D:8      | Reached skill level 10 in Maces & Flails
  8337 | D:8      | Engulfed by a cloud of flame

Illustrated notes

Levels and vault maps discovered:
D:1:      co_arrival_random_square_maze, layout_basic, chequers_avenue
D:2:      layout_loops_ring, hex_tiny, minmay_randomly_rotated_circles,
          uniq_robin
D:3:      layout_basic, uniq_ijyb
D:4:      layout_loops_cross, serial_shops, shop_statue, uniq_natasha
D:5:      layout_loops_ring, minmay_temple_entry_statues_pillars, basic_altar,
          sigmund_edmund_badplayer, uniq_duvessa, uniq_crazy_yiuf_cottage,
          uniq_sigmund
D:6:      cheibrodos_helix_gallery, layout_basic, basic_altar,
          hangedman_decor_lopped, minmay_lizard_king
D:7:      minmay_chambers_of_sevens, layout_gridville, serial_shops, shop,
          grunt_ministairs_7, minmay_splitting_lines, uniq_joseph
D:8:      layout_loops_corners, xom_confusion_cloud, serial_shops, shop
Temple:   minmay_crystal_snake_temple

Skill      XL: |  1  2  3  4  5  6  7  8  9 10 |
---------------+-------------------------------+-----
Shields        | 4 5 7 8 9 |  9.2
Maces & Flails | 3 4 5 6 7 9 10 | 10.0
Armour         | 4 5 6 7 |  7.2
Fighting       | 4 5 6 7 |  7.0
Evocations     | 1 2 |  2.2

Action                   |  1- 3 |  4- 6 |  7- 9 | 10-12 || total
-------------------------+-------+-------+-------+-------++-------
Melee: Flail             |   148 |   264 |   396 |   134 ||   942
Evoke: Wand              |       |       |    17 |    11 ||    28
  Use: Scroll            |       |     5 |       |     5 ||    10
       Potion            |       |       |     4 |     3 ||     7
 Stab: Distracted        |       |       |     1 |       ||     1
       Confused          |       |       |       |     1 ||     1
Armor: Scale mail        |    41 |       |       |       ||    41
       Chain mail        |    37 |   177 |   231 |    64 ||   509
       Skin              |       |       |    28 |       ||    28
Dodge: Dodged            |    40 |    58 |    97 |    37 ||   232
Block: Kite shield       |    84 |   130 |   249 |    81 ||   544
